General information
- name: BNet
- type: Ladder team game (AT/RT)
- host: Battle.net
- saver: GayTiMe.WeRRa
map: UpperKingdom
- players: 6
- length: 18:21
- speed: Fast
- version: 1.24 W3XP
- replay type: Public
» download(125 KB)
Players
team 1 (winner)
DotAMaStEr2010 (
red | 68 APM | 1257 actions | 18:21)
4 Archmage
2 Summon Water Elemental
2 Brilliance Aura
2 Mountain King
1 Storm Bolt
1 Thunder Clap
2 Paladin
1 Holy Light
1 Divine Shield
» actions
| Assign group hotkey | 17 | |
| Basic commands | 56 | |
| Build / train | 47 | |
| Enter build submenu | 18 | |
| Enter hero's abilities submenu | 8 | |
| Give item / drop item | 1 | |
| Right click | 644 | |
| Select / deselect | 302 | |
| Select group hotkey | 79 | |
| Use ability | 85 | |
1257 total
» units
» upgrades
| Lumber Harvesting | 2 | |
| Animal War Training | 1 | |
| Plating | 3 | |
| Swords | 1 | |
7 total
» buildings
| Altar of Kings | 1 | |
| Barracks | 2 | |
| Farm | 10 | |
| Scout Tower | 1 | |
| Arcane Tower | 1 | |
| Arcane Vault | 1 | |
| Keep | 1 | |
| Lumber Mill | 2 | |
| Castle | 2 | |
| Blacksmith | 1 | |
22 total
» build order
00:05 Altar of Kings
00:09 Barracks
00:20 Farm
00:34 Farm
01:35 Scout Tower
02:08 Arcane Tower
02:31 Farm
03:02 Farm
03:22 Arcane Vault
03:49 Farm
04:51 Keep
05:05 Lumber Mill
06:14 Farm
06:18 Farm
07:25 Castle
08:16 Blacksmith
08:58 Farm
09:09 Barracks
13:08 Farm
14:02 Lumber Mill
17:37 Farm
» items
| Scroll of Regeneration | 3 | |
| Staff of Sanctuary | 1 | |
| Potion of Healing | 2 | |
| Potion of Mana | 1 | |
7 total

»
GayTiMe.WeRRa (
yellow | 87 APM | 1593 actions | 18:21)
6 Death Knight
3 Death Coil
3 Unholy Aura
4 Lich
2 Frost Nova
2 Frost Armor
4 Crypt Lord
2 Impale
2 Spiked Carapace
» actions
| Assign group hotkey | 19 | |
| Basic commands | 120 | |
| Build / train | 56 | |
| Enter build submenu | 12 | |
| Enter hero's abilities submenu | 15 | |
| Give item / drop item | 3 | |
| Right click | 607 | |
| Select / deselect | 391 | |
| Select group hotkey | 295 | |
| Use ability | 73 | |
1593 total
» units
| Acolyte | 2 | |
| Ghoul | 3 | |
| Crypt Fiend | 10 | |
| Frost Wyrm | 3 | |
18 total
» upgrades
| Creature Attack | 3 | |
| Burrow | 1 | |
| Web | 1 | |
| Creature Carapace | 3 | |
8 total
» buildings
| Crypt | 1 | |
| Graveyard | 1 | |
| Altar of Darkness | 1 | |
| Ziggurat | 6 | |
| Tomb of Relics | 1 | |
| Nerubian Tower | 1 | |
| Halls of the Dead | 1 | |
| Black Citadel | 1 | |
| Sacrificial Pit | 1 | |
| Boneyard | 1 | |
15 total
» build order
00:11 Crypt
00:19 Graveyard
00:36 Altar of Darkness
00:52 Ziggurat
01:18 Tomb of Relics
01:54 Ziggurat
02:27 Nerubian Tower
04:14 Halls of the Dead
04:28 Ziggurat
05:24 Ziggurat
07:27 Black Citadel
08:10 Sacrificial Pit
08:57 Ziggurat
10:32 Boneyard
12:56 Ziggurat
» items
| Rod of Necromancy | 4 | |
| Lesser Clarity Potion | 1 | |
| Orb of Corruption | 1 | |
| Scroll of Town Portal | 2 | |
| Potion of Mana | 1 | |
| Potion of Healing | 1 | |
10 total

»
YEAHSHESASSBATS (
pink | 110 APM | 2026 actions | 18:21)
4 Keeper of the Grove
2 Entangling Roots
2 Thorns Aura
3 Priestess of the Moon
2 Trueshot Aura
1 Scout
» actions
| Assign group hotkey | 106 | |
| Build / train | 60 | |
| Enter build submenu | 17 | |
| Enter hero's abilities submenu | 7 | |
| Give item / drop item | 3 | |
| Remove unit from queue | 2 | |
| Right click | 815 | |
| Select / deselect | 249 | |
| Select group hotkey | 710 | |
| Use ability | 56 | |
2026 total
» units
| Wisp | 22 | |
| Huntress | 4 | |
| Faerie Dragon | 15 | |
41 total
» upgrades
| Strength of the Wild | 2 | |
| Reinforced Hides | 1 | |
3 total
» buildings
| Altar of Elders | 1 | |
| Moon Well | 7 | |
| Hunter's Hall | 1 | |
| Ancient of War | 2 | |
| Tree of Ages | 1 | |
| Ancient of Wind | 3 | |
| Tree of Life | 1 | |
| Ancient of Wonders | 1 | |
17 total
» build order
00:09 Altar of Elders
00:22 Moon Well
01:45 Hunter's Hall
01:47 Ancient of War
02:11 Ancient of War
02:24 Moon Well
04:22 Tree of Ages
04:27 Moon Well
04:29 Moon Well
05:09 Moon Well
05:11 Moon Well
07:03 Ancient of Wind
07:05 Ancient of Wind
07:36 Moon Well
07:39 Tree of Life
08:16 Ancient of Wonders
12:36 Ancient of Wind
» items
| Orb of Corruption | 1 | |
| Scroll of Healing | 2 | |
| Potion of Healing | 1 | |
4 total
team 2 (loser)
DiegoDavout (
blue | 51 APM | 934 actions | 18:19)
3 Mountain King
2 Storm Bolt
1 Bash
3 Paladin
1 Holy Light
1 Divine Shield
1 Devotion Aura
» actions
| Assign group hotkey | 19 | |
| Build / train | 48 | |
| Enter build submenu | 20 | |
| Enter hero's abilities submenu | 6 | |
| Right click | 369 | |
| Select / deselect | 260 | |
| Select group hotkey | 172 | |
| Use ability | 40 | |
934 total
» units
| Peasant | 11 | |
| Rifleman | 12 | |
| Mortar Team | 5 | |
| Spell Breaker | 4 | |
32 total
» upgrades
| Gunpowder | 2 | |
| Armor | 2 | |
| Long Rifles | 1 | |
5 total
» buildings
| Altar of Kings | 1 | |
| Farm | 11 | |
| Blacksmith | 1 | |
| Barracks | 1 | |
| Scout Tower | 1 | |
| Arcane Tower | 1 | |
| Keep | 1 | |
| Arcane Vault | 2 | |
| Workshop | 1 | |
| Arcane Sanctum | 1 | |
| Town Hall | 1 | |
22 total
» build order
00:22 Altar of Kings
00:38 Farm
00:55 Blacksmith
01:12 Barracks
01:41 Farm
02:04 Scout Tower
02:21 Farm
02:35 Arcane Tower
03:02 Farm
03:55 Farm
04:14 Keep
06:03 Farm
06:49 Arcane Vault
07:29 Workshop
08:19 Farm
08:29 Arcane Sanctum
08:49 Farm
10:57 Arcane Vault
12:17 Farm
12:20 Farm
13:40 Farm
14:06 Town Hall
» items
Melozinhoo (
purple | 70 APM | 1278 actions | 18:14)
3 Blademaster
2 Wind Walk
1 Critical Strike
2 Shadow Hunter
1 Healing Wave
1 Hex
» actions
| Assign group hotkey | 79 | |
| Basic commands | 13 | |
| Build / train | 60 | |
| Enter build submenu | 15 | |
| Enter hero's abilities submenu | 6 | |
| Give item / drop item | 1 | |
| Remove unit from queue | 6 | |
| Right click | 510 | |
| Select / deselect | 234 | |
| Select group hotkey | 260 | |
| Use ability | 94 | |
1278 total
» units
| Peon | 6 | |
| Grunt | 9 | |
| Raider | 4 | |
| Spirit Walker | 2 | |
| Troll Witch Doctor | 2 | |
| Tauren | 2 | |
25 total
» upgrades
| Armor | 1 | |
| Berserker Strength | 1 | |
| Ensnare | 1 | |
| Witch Doctor Training | 2 | |
| Spiked Barricades | 1 | |
| Shaman Training | 2 | |
| Pulverize | 0 | |
8 total
» buildings
| Altar of Storms | 1 | |
| Orc Burrow | 6 | |
| Barracks | 1 | |
| Voodoo Lounge | 1 | |
| War Mill | 1 | |
| Stronghold | 1 | |
| Spirit Lodge | 2 | |
| Beastiary | 1 | |
| Watch Tower | 1 | |
| Fortress | 1 | |
| Tauren Totem | 1 | |
17 total
» build order
00:09 Altar of Storms
00:14 Orc Burrow
00:58 Barracks
01:25 Voodoo Lounge
01:41 Orc Burrow
01:59 War Mill
03:35 Stronghold
04:47 Orc Burrow
06:11 Spirit Lodge
06:22 Beastiary
07:11 Orc Burrow
08:44 Orc Burrow
09:03 Watch Tower
10:38 Fortress
13:11 Tauren Totem
13:30 Spirit Lodge
14:42 Orc Burrow
» items
| Healing Salve | 2 | |
| Lesser Clarity Potion | 3 | |
| Scroll of Speed | 3 | |
| Potion of Healing | 1 | |
| Potion of Mana | 1 | |
| Scroll of Town Portal | 1 | |
| Orb of Lightning | 1 | |
12 total
PaDeRaO (
green | 46 APM | 839 actions | 18:20)
3 Demon Hunter
1 Mana Burn
2 Evasion
» actions
| Assign group hotkey | 19 | |
| Build / train | 54 | |
| ESC pressed | 1 | |
| Enter build submenu | 17 | |
| Enter hero's abilities submenu | 4 | |
| Right click | 512 | |
| Select / deselect | 172 | |
| Select group hotkey | 14 | |
| Use ability | 46 | |
839 total
» units
| Wisp | 25 | |
| Huntress | 6 | |
| Druid of the Claw | 6 | |
| Mountain Giant | 1 | |
38 total
» upgrades
| Druid of the Claw Training | 2 | |
| Reinforced Hides | 2 | |
| Strength of the Wild | 2 | |
| Mark of the Claw | 1 | |
7 total
» buildings
| Altar of Elders | 1 | |
| Moon Well | 6 | |
| Hunter's Hall | 2 | |
| Ancient of War | 2 | |
| Tree of Ages | 1 | |
| Tree of Eternity | 1 | |
| Ancient of Lore | 2 | |
| Tree of Life | 1 | |
| Ancient of Wonders | 1 | |
| Ancient of Wind | 2 | |
19 total
» build order
00:07 Altar of Elders
00:11 Moon Well
01:31 Hunter's Hall
01:56 Moon Well
02:22 Hunter's Hall
02:38 Ancient of War
02:52 Ancient of War
02:58 Moon Well
04:34 Tree of Ages
05:36 Moon Well
07:16 Tree of Eternity
07:21 Ancient of Lore
07:24 Ancient of Lore
07:45 Moon Well
09:58 Tree of Life
11:38 Ancient of Wonders
12:51 Ancient of Wind
14:19 Moon Well
16:32 Ancient of Wind
» items
| Healing Salve | 1 | |
| Scroll of Town Portal | 2 | |
3 total
Chat log
(01:02 / All) YEAHSHESASSBATS: you guys play dota?
(01:14 / All) PaDeRaO: nop
(01:19 / All) YEAHSHESASSBATS: why not?
(01:19 / All) PaDeRaO: doto for gay
(01:22 / All) GayTiMe.WeRRa: u suck
(01:26 / All) PaDeRaO: =D
(01:34 / All) YEAHSHESASSBATS: what race you ?
(01:43 / All) PaDeRaO: suck my dick u like ?
(01:47 / All) DotAMaStEr2010: no
(01:50 / All) YEAHSHESASSBATS: yes
(01:59 / All) YEAHSHESASSBATS: you shave 1st for me yes?
(02:07 / All) PaDeRaO: shut fuck up then =D
(03:31 / All) GayTiMe.WeRRa: merd
(09:13 / All) GayTiMe.WeRRa: gg
(10:39 / All) PaDeRaO: gg
(10:43 / All) PaDeRaO: whats gg ???
(10:43 / All) GayTiMe.WeRRa: yeah u totally won
(10:45 / All) GayTiMe.WeRRa: gg
(10:50 / All) PaDeRaO: are u doing ??
(10:53 / All) PaDeRaO: gg ??
(10:59 / All) YEAHSHESASSBATS: U HAVE NO HERO
(11:02 / All) YEAHSHESASSBATS: U FILTHY
(11:05 / All) PaDeRaO: ur crazy ??
(11:06 / All) PaDeRaO: lol
(11:12 / All) YEAHSHESASSBATS: UR DH GOT RAPED
(11:58 / All) YEAHSHESASSBATS: MY ALLY HAS FROST WORM
(12:10 / All) DotAMaStEr2010: im a support hero
(12:14 / All) DotAMaStEr2010: i support with archmage
(12:17 / All) DotAMaStEr2010: like crystal maiden
(17:03 / All) GayTiMe.WeRRa: gg
(17:37 / All) GayTiMe.WeRRa: gg
(17:38 / All) GayTiMe.WeRRa: leavw
(17:41 / All) GayTiMe.WeRRa: Leavw